cohdb
Replays
Latest Replays
All Replays
Popular Replays
Top Player Replays
Match Explorer
How It Works
Community
CoH3 Stats
Reddit
Sign in to upload your games and track your stats! →
Sign in with Steam
Match 41423002
Unlisted
Match 41423002
Overview
Messages
Build Orders
End
Vickers Machine Gun Team
Construct Section Command Post
Selects Heavy Armor Battlegroup
Infantry Section
Infantry Section
Construct Platoon Command Post
Selects Light Vehicle Withdraw and Refit
Selects UNKNOWN (202330)
CMP 15cwt Truck
6-pounder Anti-tank Gun Team
Infantry Section
Construct Company Command Post
Selects Rigorous Vehicle Training
Grenade Package
Forward Retreat Point
Selects Forward Repair Assembly
Selects UNKNOWN (2162094)
Churchill IV Heavy Tank
Foot Guards Section
Crusader AA Medium Tank
Selects Recon Artillery
Royal Engineer Section
Recon Artillery
Churchill IV Heavy Tank
Armored Vehicle Training
Infantry Training
Recon Artillery
Kenneth
Altsin
WeldingExpert
Duke1Basketball
UH|dun! ツ
UH|XTC
iceman
Clay
0
0
Comments
sign in to comment!
No comments posted yet!